 Dungeon Crawl Stone Soup version 0.28-a0-1159-g27aa881441 (webtiles) character file.

Game seed: 3086715144300517381

27 BinkBink the Ruffian (level 3, -5/31 HPs)
             Began as a Ghoul Monk on Dec 15, 2021.
             Was an Initiate of Gozag.
             Slain by Terence (9 damage)
             ... on level 2 of the Dungeon.
             The game lasted 00:01:33 (1394 turns).

BinkBink the Ruffian (Ghoul Monk)                   Turns: 1394, Time: 00:01:34

Health: -5/31      AC:  2    Str: 14    XL:     3   Next: 10%
Magic:  2/2        EV: 13    Int:  5    God:    Gozag
Gold:   55         SH:  0    Dex: 13    Spells: 2/2 levels left

rFire   . . .      SeeInvis .     - Unarmed
rCold   + . .      Faith    .   (no shield)
rNeg    + + +      Spirit   .   a - +0 robe
rPois   ∞          Reflect  .   (no helmet)
rElec   .          Harm     .   (no cloak)
rCorr   .          Rampage  .   (no gloves)
Will    .....                   (no boots)
Stlth   ++........              (no amulet)
HPRegen 0.00/turn               (no ring)
MPRegen 0.08/turn               (no ring)

@: attractive, inhibited regen
A: claws 1, cold resistance 1, negative energy resistance 3, inhibited
regeneration, torment resistance 2
a: Renounce Religion, Potion Petition, Call Merchant, Bribe Branch


You were on level 2 of the Dungeon.
You worshipped Gozag.
Gozag was noncommittal.
You visited 1 branch of the dungeon, and saw 2 of its levels.

You collected 55 gold pieces.

Inventory:

Missiles
 h - 2 silver boomerangs (quivered)
Armour
 a - a +0 robe (worn)
Scrolls
 e - a scroll of teleportation {unknown}
 f - 2 scrolls of vulnerability {unknown}
 i - a scroll of amnesia {unknown}
 k - a scroll of enchant weapon {unknown}
Potions
 c - a potion of magic {unknown}
 d - a potion of might {unknown}
 g - a potion of lignification {unknown}
 j - a potion of brilliance {unknown}


   Skills:
 - Level 3.2 Fighting
 + Level 1.1 Armour
 + Level 3.1 Dodging
 - Level 2.1 Stealth
 + Level 3.7 Unarmed Combat


You had 2 spell levels left.
You didn't know any spells.
Your spell library was empty.

Dungeon Overview and Level Annotations

Branches:
Dungeon (2/15)

Altars:
Gozag

Annotations:
D:2 Terence


Innate Abilities, Weirdness & Mutations

You thrive by killing the living.
You are immune to poison.
You have sharp fingernails.
Your flesh is cold resistant. (rC+)
You are immune to negative energy. (rN+++)
You do not regenerate when monsters are visible.
You are immune to unholy pain and torment.


Message History

Terence is lightly wounded.
Terence barely misses you.
You scratch Terence but do no damage.
Terence is lightly wounded.
Terence hits you with a +0 mace.
You scratch Terence.
Terence is moderately wounded.
Terence barely misses you.
You scratch Terence but do no damage.
Terence is moderately wounded.
Terence hits you with a +0 mace!
You scratch Terence but do no damage.
Terence is moderately wounded.
Terence barely misses you.
You scratch Terence but do no damage.
Terence is moderately wounded.
Terence hits you with a +0 mace!
You are too injured to fight recklessly!
You are too injured to fight recklessly!
You are too injured to fight recklessly!
You scratch Terence but do no damage.
Terence is moderately wounded.
Terence misses you.
You scratch Terence but do no damage.
Terence is moderately wounded.
You scratch Terence but do no damage.
Terence is moderately wounded.
Terence closely misses you.
You claw Terence!
Terence is severely wounded.
Terence hits you with a +0 mace!
* * * LOW HITPOINT WARNING * * *
You scratch Terence but do no damage.
Terence is severely wounded.
Terence barely misses you.
It was a potion of attraction.
You feel attractive to monsters. Terence hits you with a +0 mace!
You die...
Your body crumbles into a pile of gold.

### #.# ######+## #.#
........#####.#######
........##...........
.......@@.<#########.
........####
........+ ........#
........# ...)....#
........# ###+#####


You could see Terence.

Vanquished Creatures
  3 dart slugs (D:1)
  A bat (D:1)
  An endoplasm (D:1)
  A giant cockroach (D:1)
  3 goblins (D:1)
  2 hobgoblins (D:1)
  A kobold (D:1)
  A quokka (D:1)
  3 frilled lizards (D:1)
  4 rats (D:1)
20 creatures vanquished.

Notes
Turn   | Place    | Note
-------+----------+-------------------------------------------
     0 | D:1      | BinkBink the Ghoul Monk began the quest for the Orb.
     0 | D:1      | Reached XP level 1. HP: 19/19 MP: 0/0
    52 | D:1      | Reached XP level 2. HP: 3/26 MP: 1/1
   657 | D:1      | Found a faded altar of an unknown god.
   668 | D:1      | Reached skill level 1 in Armour
   672 | D:1      | Prayed at the altar of an unknown god.
   672 | D:1      | Became a worshipper of Gozag Ym Sagoz the Greedy
  1183 | D:1      | Reached XP level 3. HP: 31/31 MP: 2/2
  1307 | D:2      | Noticed Terence
  1394 | D:2      | Slain by Terence

Illustrated notes

Levels and vault maps discovered:
D:1:      scummos_arrival_star, layout_basic, basic_ecumenical_altar
D:2:      layout_basic, uniq_crazy_yiuf_cottage, uniq_terence, uniq_sigmund

Skill      XL: |  1  2 |
---------------+-------+-----
Armour         | 1 |  1.1
Dodging        | 3 |  3.1
Fighting       | |  3.2
Stealth        | |  2.1
Unarmed Combat | |  3.7

Action                   || total
-------------------------++-------
Melee: Unarmed           ||    81
       Punch             ||     1
  Use: Potion            ||     1
 Stab: Sleeping          ||     1
Armor: Robe              ||    10
Dodge: Dodged            ||    34

Table legend: (Time is in decaauts)
 A = Elapsed time spent in this place.
 B = Non-inter-level travel time spent in this place.
 C = Inter-level travel time spent in this place.
 D = Time resting spent in this place.
 E = Time spent auto-exploring this place.
 F = Levels seen in this place.
 G = Mean time per level.
                   A        B        C        D        E       F      G
               +--------+--------+--------+--------+--------+-----+--------+
         Total |   1389 |   1370 |     19 |      0 |   1194 |   2 |  694.5 |
       Dungeon |   1389 |   1370 |     19 |      0 |   1194 |   2 |  694.5 |
               +--------+--------+--------+--------+--------+-----+--------+

Top non-repeatable levels by time:
     D:1: 1343 daAuts
     D:2: 45 daAuts
